 Dungeon Crawl Stone Soup version 0.29.1-1-gd02db6906a (webtiles) character file.

Game seed: 8002139708629855675

1915 GigaChad the Fighter (level 8, -11/89 HPs)
             Began as a Minotaur Fighter on Sept 19, 2022.
             Was a Follower of Ashenzari.
             Mangled by an orc warrior
             ... wielding a +0 battleaxe
              (19 damage)
             ... on level 7 of the Dungeon.
             The game lasted 00:12:48 (5196 turns).

GigaChad the Fighter (Minotaur Fighter)             Turns: 5196, Time: 00:12:49

Health: -11/89     AC: 11    Str: 28    XL:     8   Next: 95%
Magic:  0/16       EV: 12    Int:  5    God:    Ashenzari [*.....]
Gold:   281        SH:  4    Dex: 10    Spells: 7/7 levels left

rFire   . . .      SeeInvis .   a - +4 long sword
rCold   . . .      Faith    .   c - +0 buckler
rNeg    . . .      Spirit   +   m - +2 chain mail of Vuceuxov {Str+5}
rPois   .          Reflect  .   (helmet restricted)
rElec   .          Harm     .   (no cloak)
rCorr   .          Rampage  .   (no gloves)
Will    .....                   (no boots)
Stlth   ..........              k - amulet "Clairvoyant Adversity" {Spirit, Range, Comp} (curse)
HPRegen 0.24/turn               e - ring of Ashenzari's Seeker {EV+4, Elem, Comp} (curse)
MPRegen 0.15/turn               p - ring of magical power

@: no status effects
A: horns 2, retaliatory headbutt
a: Renounce Religion, Curse Item, Shatter the Chains


You were on level 7 of the Dungeon.
You worshipped Ashenzari.
Ashenzari was aware of your devotion.
You visited 2 branches of the dungeon, and saw 8 of its levels.

You collected 281 gold pieces.

Inventory:

Hand Weapons
 a - a +4 long sword (weapon)
Armour
 b - a +0 scale mail
 c - a +0 buckler (worn)
 m - the +2 chain mail of Vuceuxov (worn) {Str+5}
   (You found it on level 2 of the Dungeon)

   Str:       It affects your strength (+5).
 y - a +1 plate armour of willpower
Jewellery
 e - the cursed ring of Ashenzari's Seeker (left hand) {EV+4, Elem, Comp}
   (You found it on level 1 of the Dungeon)

   [ring of evasion]

   EV:        It affects your evasion (+4).
   It has a curse which improves the following skills: Elements: Fire Magic, Ice
   Magic, Air Magic and Earth Magic.
   Companions: Summonings and Necromancy.
 k - the cursed amulet "Clairvoyant Adversity" (around neck) {Spirit, Range, Comp}
   (You found it on level 1 of the Dungeon)

   [amulet of guardian spirit]

   It causes incoming damage to be divided between your reserves of health and
   magic.
   It has a curse which improves the following skills: Ranged Combat: Ranged
   Weapons and Throwing.
   Companions: Summonings and Necromancy.
 p - a ring of magical power (right hand)
Wands
 x - a wand of charming (16)
Scrolls
 f - a scroll of amnesia
 g - a scroll of noise
 h - 4 scrolls of identify
 l - a scroll of teleportation
 r - a scroll of immolation
 s - a scroll of vulnerability
 t - a scroll of blinking
 v - a scroll of torment
 z - 2 scrolls of fog
 A - a scroll of magic mapping
Potions
 d - 2 potions of might
 i - 3 potions of mutation
 j - a potion of ambrosia
 n - a potion of curing
 o - a potion of degeneration
 q - a potion of brilliance
 u - a potion of attraction
 w - 2 potions of lignification
 B - 2 potions of invisibility


   Skills:
 + Level 14.0 Fighting
 - Level 2.4 Long Blades
 - Level 4.0 Armour
 - Level 3.7 Shields


You had 7 spell levels left.
You didn't know any spells.
Your spell library contained the following spells:

 Spells                   Type           Power      Damage    Failure   Level
 Dazzling Flash           Conj/Hex       0%         N/A       100%        3
 Agony                    Necr           0%         N/A       100%        5
 Silence                  Hex/Air        0%         N/A       100%        5


Dungeon Overview and Level Annotations

Branches:
Dungeon (7/15)             Temple (1/1) D:4

Altars:
Ashenzari
Dithmenos
Elyvilon
Kikubaaqudgha
Makhleb
Okawaru
Qazlal
Trog
Uskayaw
Vehumet
The Shining One

Shops:
D:3 ?

Annotations:
D:6 2 transporters, SlimeGoblin's ghost, novice VSFi


Innate Abilities, Weirdness & Mutations

You have a pair of horns on your head.
You reflexively headbutt those who attack you in melee.


Message History

The gnoll bouda barks out a call to the hunt! x2
The orc warrior hits you with a +0 battleaxe.
Your Fighting skill increases to level 14!
The gnoll bouda gazes fiercely through you!
You feel your attacks grow feeble. The orc warrior closely misses you.
Items here: ))) [ †.
You completely miss the orc warrior. Your headbutt misses the orc warrior.
The orc warrior barely misses you.
You barely miss the orc warrior.
The orc warrior hits you with a +0 battleaxe.
* * * LOW HITPOINT WARNING * * *
A gnoll comes into view. It is wielding a +0 spear.
A gnoll comes into view. It is wielding a +0 club.
The gnoll shouts!
You hit the orc warrior.
The orc warrior is lightly wounded.
Your attacks no longer feel as feeble.
The orc warrior hits you with a +0 battleaxe!
* * * LOW HITPOINT WARNING * * *
The orc warrior barely misses you. You furiously retaliate!
You headbutt the orc warrior. You slash the orc warrior!
You headbutt the orc warrior, but do no damage.
The orc warrior is heavily wounded.
The orc warrior hits you with a +0 battleaxe!
* * * LOW HITPOINT WARNING * * *
A gnoll comes into view. It is wielding a +0 spear.
A gnoll comes into view. It is wielding a +0 flail.
You closely miss the orc warrior.
The orc warrior is heavily wounded.
The gnoll shouts!
The orc warrior hits you but does no damage.
The gnoll hits you from afar with a +0 spear.
* * * LOW HITPOINT WARNING * * *
You hit the orc warrior. You headbutt the orc warrior.
The orc warrior is heavily wounded.
The gnoll bouda hits you but does no damage.
The orc warrior hits you with a +0 battleaxe!!
You die...

...#.#..##. ##..#$<.....
...#g.g.... ##..........
#........... ##...g........
#.)og.......... ∩
#..@g..........#.
#............... .
#.........#.#..#.# ######
##................ .######....#
#........#.#.....
......#....####................
...............................
..###.#......................#
..###.#.....#................#


You could see an orc warrior, a gnoll bouda and 4 gnolls.

Vanquished Creatures
  Pikel (D:5)
  Prince Ribbit (D:6)
  2 black bears
  3 ogres
  2 phantoms
  A centaur (D:5)
  A necrophage (D:6)
  4 hounds
  An orc priest (D:4)
  2 orc wizards
  Natasha (thrice) (D:4)
  2 iguanas
  3 adders (D:6)
  12 gnolls
  2 white imps
  An ufetubus (D:4)
  A dart slug (D:3)
  12 orcs
  5 bats
  5 endoplasms
  7 giant cockroaches
  5 goblins
  4 hobgoblins
  4 quokkas
  2 ball pythons
  6 frilled lizards
  6 kobolds
  2 rats
100 creatures vanquished.

Vanquished Creatures (others)
  A fungus (D:2)
1 creature vanquished.

Grand Total: 101 creatures vanquished

Notes
Turn   | Place    | Note
-------+----------+-------------------------------------------
     0 | D:1      | GigaChad the Minotaur Fighter began the quest for the Orb.
     0 | D:1      | Reached XP level 1. HP: 19/19 MP: 0/0
    29 | D:1      | You fall into a shaft and drop 1 floor!
    46 | D:2      | Found a faded altar of an unknown god.
   341 | D:1      | Reached XP level 2. HP: 25/27 MP: 1/1
   352 | D:1      | Reached skill level 4 in Fighting
   779 | D:2      | Identified the +2 chain mail of Vuceuxov {Str+5}
   836 | D:3      | Reached XP level 3. HP: 33/34 MP: 2/2
   895 | D:3      | Noticed a black bear
   895 | D:3      | Noticed a phantom
   916 | D:3      | Killed a black bear
   917 | D:3      | Reached skill level 6 in Fighting
   917 | D:3      | Reached XP level 4. HP: 41/45 MP: 3/3
   928 | D:3      | Killed a phantom
   929 | D:3      | Reached skill level 7 in Fighting
   929 | D:3      | Reached XP level 5. HP: 43/52 MP: 1/4
  1393 | D:3      | Found Diatomit's Magic Scroll Boutique.
  1612 | D:4      | Found a staircase to the Ecumenical Temple.
  1633 | Temple   | Entered the Ecumenical Temple
  1647 | Temple   | Became a worshipper of Ashenzari the Shackled
  1665 | D:4      | Noticed Natasha
  1667 | D:4      | Killed Natasha
  1668 | D:4      | Reached XP level 6. HP: 61/61 MP: 5/5
  1758 | D:4      | Noticed Natasha
  1770 | D:4      | Killed Natasha
  1771 | D:4      | Reached skill level 8 in Fighting
  2649 | D:4      | Found a stormy altar of Qazlal.
  2650 | D:4      | Found a white marble altar of Elyvilon.
  2660 | D:4      | Found an iron altar of Okawaru.
  2662 | D:4      | Found a glowing golden altar of the Shining One.
  2662 | D:4      | Found a radiant altar of Vehumet.
  2717 | D:4      | Reached skill level 9 in Fighting
  2737 | D:4      | Noticed Natasha
  2752 | D:4      | Killed Natasha
  2753 | D:4      | Reached XP level 7. HP: 62/70 MP: 6/6
  2873 | D:5      | Entered Level 5 of the Dungeon
  2895 | D:5      | Noticed Pikel
  2908 | D:5      | Killed Pikel
  2909 | D:5      | Reached skill level 11 in Fighting
  3162 | D:5      | Reached XP level 8. HP: 72/82 MP: 5/7
  3165 | D:5      | HP: 3/82 [ogre/+0 giant club (15)]
  3362 | D:5      | Reached skill level 12 in Fighting
  3732 | D:6      | HP: 3/85 [gnoll/+0 club (3)]
  4278 | D:6      | Noticed a queen bee
  4292 | D:6      | Found a transporter.
  4295 | D:6      | Found a transporter.
  4296 | D:6      | Noticed SlimeGoblin's ghost (novice VSFi)
  4326 | D:6      | Reached skill level 13 in Fighting
  4618 | D:6      | Reached * piety under Ashenzari
  4633 | D:6      | Noticed Prince Ribbit
  4642 | D:6      | Killed Prince Ribbit
  5190 | D:7      | Reached skill level 14 in Fighting
  5196 | D:7      | Mangled by an orc warrior

Illustrated notes

Levels and vault maps discovered:
D:1:      dpeg_arrival_solitude, layout_loops_ring
D:2:      layout_rooms, shapermc_ecumenical_altar_mp_urbaneastern,
          serial_aquarium, aquarium_bridge_straight [aquarium_subvault_bridge,
          aquarium_subvault_wall, aquarium_subvault_bridge,
          aquarium_subvault_balcony], aquarium_window_2, aquarium_window_1,
          aquarium_window_3, aquarium_window_1, aquarium_view_2a,
          aquarium_view_2c
D:3:      layout_basic, serial_shops, shop_statue
D:4:      layout_basic, grunt_temple_overflow_open, minmay_temple_entry_grid,
          uniq_natasha
D:5:      layout_cave_pools, nicolae_overflow_hidden_temple, st_stairs_14,
          kennysheep_path_1, uniq_pikel
D:6:      layout_layer_cave, gammafunk_ghost_hive, uniq_prince_ribbit1
D:7:      layout_basic, mainiacjoe_overflow_paths, enter_bailey_7,
          nicolae_shop_self_help, uniq_joseph, uniq_crazy_yiuf_cottage
Temple:   hellmonk_temple_of_storms

Skill      XL: |  1  2  3  4  5  6  7  8 |
---------------+-------------------------+-----
Armour         | 4 |  4.0
Fighting       | 4 6 7 9 11 14 | 14.0
Long Blades    | |  2.4
Shields        | |  3.7

Action                   |  1- 3 |  4- 6 |  7- 9 || total
-------------------------+-------+-------+-------++-------
Melee: Long sword        |    66 |    87 |   111 ||   264
       Headbutt          |     9 |    10 |    20 ||    39
Invok: Curse Item        |       |       |     2 ||     2
Evoke: Wand              |       |       |     1 ||     1
  Use: Scroll            |     1 |     6 |     4 ||    11
Armor: Scale mail        |    17 |       |       ||    17
       Chain mail        |    20 |    49 |    86 ||   155
Dodge: Dodged            |    69 |    96 |   114 ||   279
Block: Buckler           |    22 |    30 |    51 ||   103
